MLB
PHILADELPHIA PHILLIES @ BOSTON RED SOX
06/23/2044
 
TOP OF THE 1ST
Philadelphia Phillies batting - Pitching for Boston Red Sox : RHP Karel Heuvelink
Pitching: RHP Karel Heuvelink
Batting: RHB Ji-an Li 0-0: Ball
1-0: Foul Ball, location: 2F
1-1: Ground out 6-3 (Groundball, 6M, EV 105.6 MPH)
Batting: LHB Nick Canizales 0-0: Foul Ball, location: 2F
0-1: Ball
1-1: Swinging Strike
1-2: Ground out 5-3 (Groundball, 6S, EV 72.5 MPH)
Batting: LHB Eric Katz 0-0: Ball
1-0: Ground out 2-3 (Groundball, 15S, EV 76.9 MPH)
Top of the 1st over - 0 runs, 0 hits, 0 errors, 0 left on base; Philadelphia 0 - Boston 0
BOTTOM OF THE 1ST
Boston Red Sox batting - Pitching for Philadelphia Phillies : RHP Julian Bush
Pitching: RHP Julian Bush
Batting: SHB Robbie Rogers 0-0: Called Strike
0-1: Called Strike
0-2: SINGLE (Groundball, 56S, EV 68.8 MPH) (infield hit)
Batting: LHB Xavier Pittman 0-0: Called Strike
0-1: Ball
Robbie Rogers steals 2nd base
1-1: Swinging Strike
1-2: Foul Ball, location: 2F
1-2: Strikes out looking
Batting: SHB Mark Rennie 0-0: Called Strike
Robbie Rogers steals 3rd base
0-1: Ball
1-1: Foul Ball, location: 2F
1-2: Ball
2-2: Foul Ball, location: 2F
2-2: Foul Ball, location: 2F
2-2: Ball
3-2: Base on Balls
Batting: LHB Ernesto Cedillos 0-0: Ball
1-0: Foul Ball, location: 2F
1-1: Ball
2-1: Foul Ball, location: 2F
2-2: DOUBLE (Line Drive, 3D, EV 93.8 MPH)
Robbie Rogers scores
Mark Rennie to third
Runner from 3rd tries for Home, SAFE, no throw by RF
Batting: SHB Rich Chavez 0-0: Ball
1-0: Fly out, F8 (Line Drive, 8LD, EV 94.4 MPH)
Batting: RHB Manny Vergara 0-0: Called Strike
0-1: Ball
1-1: Ball
2-1: Foul Ball, location: 2F
2-2: Ball
3-2: Foul Ball, location: 2F
3-2: SINGLE (Groundball, 4MD, EV 106.3 MPH)
Ernesto Cedillos to third
Runner from 3rd tries for Home, SAFE, throw by CF to home
Batting: LHB Kevin McCormic Jr. 0-0: Ball
Wild Pitch!
Manny Vergara to second
1-0: Ball
2-0: Swinging Strike
2-1: Ground out 5-3 (Groundball, 56, EV 87.5 MPH)
Bottom of the 1st over - 3 runs, 3 hits, 0 errors, 1 left on base; Philadelphia 0 - Boston 3
TOP OF THE 2ND
Philadelphia Phillies batting - Pitching for Boston Red Sox : RHP Karel Heuvelink
Batting: LHB Ryan Trombley 0-0: Ball
1-0: Called Strike
1-1: Foul Ball, location: 2F
1-2: DOUBLE (Line Drive, 89D, EV 104.4 MPH)
Batting: RHB Raul de la Cruz 0-0: Foul Ball, location: 2F
0-1: Swinging Strike
0-2: Ball
1-2: Strikes out swinging
Batting: LHB Alberto Figueroa 0-0: Ball
1-0: Ground out 4-3 (Groundball, 4M, EV 83.8 MPH)
Ryan Trombley to third
Batting: SHB Rafael Vazquez 0-0: Ball
1-0: Called Strike
1-1: Ball
2-1: Foul Ball, location: 2F
2-2: Ball
3-2: Fly out, F8 (Flyball, 8LD, EV 93.1 MPH)
Top of the 2nd over - 0 runs, 1 hit, 0 errors, 1 left on base; Philadelphia 0 - Boston 3
BOTTOM OF THE 2ND
Boston Red Sox batting - Pitching for Philadelphia Phillies : RHP Julian Bush
Batting: RHB Nick Esteves 0-0: Ground out 1-3 (Groundball, 34S, EV 66.9 MPH)
Batting: SHB Brace Harper 0-0: SINGLE (Groundball, 34D, EV 98.1 MPH)
Batting: SHB Robbie Rogers 0-0: Ball
1-0: Called Strike
Brace Harper steals 2nd base
1-1: DOUBLE (Groundball, 3L, EV 94.4 MPH)
Brace Harper scores
Batting: LHB Xavier Pittman 0-0: Called Strike
Robbie Rogers steals 3rd base
0-1: SINGLE (Groundball, 6S, EV 66.3 MPH) (infield hit)
Robbie Rogers scores
Batting: SHB Mark Rennie 0-0: Foul Ball, location: 2F
0-1: Called Strike
0-2: Ball
1-2: Ball
2-2: Ball
3-2: Fly out, F7 (Flyball, 78D, EV 100.0 MPH)
Batting: LHB Ernesto Cedillos 0-0: Fielders Choice at 2nd, 5-6 (Groundball, 6, EV 93.1 MPH)
Bottom of the 2nd over - 2 runs, 3 hits, 0 errors, 1 left on base; Philadelphia 0 - Boston 5
TOP OF THE 3RD
Philadelphia Phillies batting - Pitching for Boston Red Sox : RHP Karel Heuvelink
Batting: SHB Patrick Kimmel 0-0: Ball
1-0: Ground out 1-3 (Groundball, 34S, EV 67.5 MPH)
Batting: RHB Luis Arce 0-0: Ball
1-0: Ball
2-0: Ball
3-0: Base on Balls
Batting: RHB Ji-an Li 0-0: Called Strike
0-1: Grounds into double play, 4-6-3 (Groundball, 4, EV 77.5 MPH)
Top of the 3rd over - 0 runs, 0 hits, 0 errors, 0 left on base; Philadelphia 0 - Boston 5
BOTTOM OF THE 3RD
Boston Red Sox batting - Pitching for Philadelphia Phillies : RHP Julian Bush
Batting: SHB Rich Chavez 0-0: Foul Ball, location: 2F
0-1: Fly out, F3 (Line Drive, 3, EV 71.9 MPH)
Batting: RHB Manny Vergara 0-0: Swinging Strike
0-1: Ball
1-1: Ball
2-1: SINGLE (Groundball, 6MD, EV 102.5 MPH)
Pitching: RHP Victor Barron
Batting: LHB Kevin McCormic Jr. 0-0: Swinging Strike
0-1: Ball
1-1: Foul Ball, location: 2F
1-2: DOUBLE (Line Drive, 7LS, EV 102.5 MPH)
Manny Vergara to third
Runner from 3rd tries for Home, throw by LF and OUT! 7-6-2
Batting: RHB Nick Esteves 0-0: Called Strike
0-1: Ball
1-1: Ball
2-1: TRIPLE (Line Drive, 9LD, EV 112.5 MPH)
Kevin McCormic Jr. scores
Batting: SHB Brace Harper 0-0: Foul Ball, location: 2F
0-1: Ball
1-1: Ball
2-1: Ball
3-1: Foul Ball, location: 2F
3-2: Foul Ball, location: 2F
3-2: Ground out 4-3 (Groundball, 4, EV 87.5 MPH)
Bottom of the 3rd over - 1 run, 3 hits, 0 errors, 1 left on base; Philadelphia 0 - Boston 6
TOP OF THE 4TH
Philadelphia Phillies batting - Pitching for Boston Red Sox : RHP Karel Heuvelink
Batting: LHB Nick Canizales 0-0: Ball
1-0: Ball
2-0: Foul Ball, location: 2F
2-1: Ground out 4-3 (Groundball, 34, EV 100.0 MPH)
Batting: LHB Eric Katz 0-0: SINGLE (Groundball, 34D, EV 109.4 MPH)
Batting: LHB Ryan Trombley 0-0: Ball
1-0: Ball
2-0: Called Strike
2-1: Called Strike
2-2: Strikes out looking
Batting: RHB Raul de la Cruz 0-0: Ball
Eric Katz steals 2nd base
1-0: Foul Ball, location: 2F
1-1: Ball
2-1: DOUBLE (Flyball, 8RXD, EV 107.5 MPH)
Eric Katz scores
Batting: LHB Alberto Figueroa 0-0: Ball
1-0: DOUBLE (Line Drive, 89XD, EV 106.9 MPH)
Raul de la Cruz scores
Batting: SHB Rafael Vazquez 0-0: Ball
1-0: Ball
2-0: Called Strike
2-1: Called Strike
2-2: Foul Ball, location: 2F
2-2: Fly out, F5 (Popup, 56S, EV 76.9 MPH)
Top of the 4th over - 2 runs, 3 hits, 0 errors, 1 left on base; Philadelphia 2 - Boston 6
BOTTOM OF THE 4TH
Boston Red Sox batting - Pitching for Philadelphia Phillies : RHP Victor Barron
Batting: SHB Robbie Rogers 0-0: Called Strike
0-1: Ground out 6-3 (Groundball, 56, EV 105.6 MPH)
Batting: LHB Xavier Pittman 0-0: Ball
1-0: SINGLE (Flyball, 89S, EV 98.1 MPH)
Batting: SHB Mark Rennie 0-0: Ball
1-0: Foul Ball, location: 2F
1-1: Ball
2-1: Fly out, F4 (Popup, 3DF, EV 49.4 MPH)
Batting: LHB Ernesto Cedillos 0-0: Called Strike
Xavier Pittman steals 2nd base
0-1: Ground out 5-3 (Groundball, 56S, EV 93.8 MPH)
Bottom of the 4th over - 0 runs, 1 hit, 0 errors, 1 left on base; Philadelphia 2 - Boston 6
TOP OF THE 5TH
Philadelphia Phillies batting - Pitching for Boston Red Sox : RHP Karel Heuvelink
Batting: SHB Patrick Kimmel 0-0: SINGLE (Line Drive, 9LS, EV 94.4 MPH)
Batting: RHB Luis Arce 0-0: Called Strike
0-1: Swinging Strike
0-2: Foul Ball, location: 2F
0-2: Ball
1-2: Foul Ball, location: 2F
1-2: Strikes out looking
Batting: RHB Ji-an Li 0-0: Ball
1-0: 2-RUN HOME RUN (Flyball, 8RXD, EV 103.8 MPH), Distance : 408 ft
Batting: LHB Nick Canizales 0-0: Ball
1-0: Ball
2-0: Called Strike
2-1: Foul Ball, location: 2F
2-2: Fly out, F2 (Popup, 23F, EV 84.4 MPH)
Batting: LHB Eric Katz 0-0: Foul Ball, location: 2F
0-1: Ball
1-1: Foul Ball, location: 2F
1-2: Strikes out looking
Top of the 5th over - 2 runs, 2 hits, 0 errors, 0 left on base; Philadelphia 4 - Boston 6
BOTTOM OF THE 5TH
Boston Red Sox batting - Pitching for Philadelphia Phillies : RHP Victor Barron
Batting: SHB Rich Chavez 0-0: Swinging Strike
0-1: Foul Ball, location: 2F
0-2: Ball
1-2: DOUBLE (Flyball, 8RXD, EV 101.9 MPH) - OUT at third base trying to stretch hit.
Batting: RHB Manny Vergara 0-0: Ball
1-0: Called Strike
1-1: Foul Ball, location: 2F
1-2: Ball
2-2: SINGLE (Groundball, 56D, EV 108.1 MPH)
Batting: LHB Kevin McCormic Jr. 0-0: Grounds into double play, 5-4-3 (Groundball, 56S, EV 93.8 MPH)
Bottom of the 5th over - 0 runs, 2 hits, 0 errors, 0 left on base; Philadelphia 4 - Boston 6
TOP OF THE 6TH
Philadelphia Phillies batting - Pitching for Boston Red Sox : RHP Karel Heuvelink
Batting: LHB Ryan Trombley 0-0: Foul Ball, location: 2F
0-1: Foul Ball, location: 2F
0-2: Foul Ball, location: 2F
0-2: Foul Ball, location: 2F
0-2: Strikes out looking
Batting: RHB Raul de la Cruz 0-0: SINGLE (Line Drive, 4D, EV 94.4 MPH)
Batting: LHB Alberto Figueroa 0-0: Ball
1-0: Called Strike
1-1: Ball
2-1: Called Strike
2-2: Foul Ball, location: 2F
2-2: 2-RUN HOME RUN (Flyball, 7D, EV 105.0 MPH), Distance : 393 ft
Pitching: LHP Mike Nimmo
Batting: SHB Rafael Vazquez 0-0: Called Strike
0-1: Foul Ball, location: 2F
0-2: Ball
1-2: Foul Ball, location: 2F
1-2: Ball
2-2: Fly out, F9 (Flyball, 9D, EV 92.5 MPH)
Batting: SHB Patrick Kimmel 0-0: Swinging Strike
0-1: Ball
1-1: Swinging Strike
1-2: Ball
2-2: Strikes out swinging
Top of the 6th over - 2 runs, 2 hits, 0 errors, 0 left on base; Philadelphia 6 - Boston 6
BOTTOM OF THE 6TH
Boston Red Sox batting - Pitching for Philadelphia Phillies : RHP Victor Barron
Batting: RHB Nick Esteves 0-0: Foul Ball, location: 2F
0-1: Foul Ball, location: 2F
0-2: Ball
1-2: Fly out, F9 (Flyball, 9LM, EV 90.6 MPH)
Batting: SHB Brace Harper 0-0: Ball
1-0: Ball
2-0: Swinging Strike
2-1: Foul Ball, location: 2F
2-2: Ball
3-2: Foul Ball, location: 2F
3-2: Strikes out swinging
Batting: SHB Robbie Rogers 0-0: Called Strike
0-1: Ball
1-1: Ground out 5-3 (Groundball, 56, EV 97.5 MPH)
Bottom of the 6th over - 0 runs, 0 hits, 0 errors, 0 left on base; Philadelphia 6 - Boston 6
TOP OF THE 7TH
Philadelphia Phillies batting - Pitching for Boston Red Sox : LHP Mike Nimmo
Batting: RHB Luis Arce 0-0: Ball
1-0: Called Strike
1-1: Foul Ball, location: 2F
1-2: Ball
2-2: Foul Ball, location: 2F
2-2: Strikes out swinging
Batting: RHB Ji-an Li 0-0: Fly out, F7 (Line Drive, 7S, EV 93.1 MPH)
Batting: LHB Nick Canizales 0-0: Ball
1-0: SOLO HOME RUN (Flyball, 8LXD, EV 113.8 MPH), Distance : 422 ft
Batting: LHB Eric Katz 0-0: Ball
1-0: DOUBLE (Line Drive, 78D, EV 115.0 MPH)
Batting: LHB Ryan Trombley 0-0: Ball
1-0: Foul Ball, location: 2F
1-1: Ball
2-1: Swinging Strike
2-2: Strikes out looking
Top of the 7th over - 1 run, 2 hits, 0 errors, 1 left on base; Philadelphia 7 - Boston 6
BOTTOM OF THE 7TH
Boston Red Sox batting - Pitching for Philadelphia Phillies : RHP Victor Barron
Pitching: LHP Rico Saldarriaga
Batting: LHB Xavier Pittman 0-0: Ball
1-0: Ball
2-0: Ball
3-0: Called Strike
3-1: Foul Ball, location: 2F
3-2: Fly out, F4 (Popup, 4MD, EV 57.5 MPH)
Batting: SHB Mark Rennie 0-0: Called Strike
0-1: DOUBLE (Groundball, 5L, EV 109.4 MPH)
Pinch Hitting: RHB Chris Lane 0-0: Called Strike
0-1: Swinging Strike
0-2: Ground out 4-3 (Groundball, 4, EV 83.8 MPH)
Mark Rennie to third
Batting: SHB Rich Chavez 0-0: Called Strike
0-1: Foul Ball, location: 2F
0-2: Fly out, F8 (Flyball, 8LM, EV 92.5 MPH)
Bottom of the 7th over - 0 runs, 1 hit, 0 errors, 1 left on base; Philadelphia 7 - Boston 6
TOP OF THE 8TH
Philadelphia Phillies batting - Pitching for Boston Red Sox : LHP Mike Nimmo
Pitching: RHP Edgar Saldivar
Now at 1B: Chris Lane
Batting: RHB Raul de la Cruz 0-0: Called Strike
0-1: Foul Ball, location: 2F
0-2: Ball
1-2: Ball
2-2: Ball
3-2: Ground out 6-3 (Groundball, 6MS, EV 85.0 MPH)
Batting: LHB Alberto Figueroa 0-0: Ball
1-0: Ground out 4-3 (Groundball, 34, EV 86.9 MPH)
Batting: SHB Rafael Vazquez 0-0: Called Strike
0-1: Ball
1-1: Ball
2-1: Foul Ball, location: 2F
2-2: Fly out, F8 (Flyball, 8RS, EV 88.1 MPH)
Top of the 8th over - 0 runs, 0 hits, 0 errors, 0 left on base; Philadelphia 7 - Boston 6
BOTTOM OF THE 8TH
Boston Red Sox batting - Pitching for Philadelphia Phillies : LHP Rico Saldarriaga
Batting: RHB Manny Vergara 0-0: Called Strike
0-1: Ground out 6-3 (Groundball, 56, EV 105.6 MPH)
Batting: LHB Kevin McCormic Jr. 0-0: Called Strike
0-1: Fly out, F9 (Flyball, 9LS, EV 89.4 MPH)
Batting: RHB Nick Esteves 0-0: Called Strike
0-1: Foul Ball, location: 2F
0-2: Strikes out swinging
Bottom of the 8th over - 0 runs, 0 hits, 0 errors, 0 left on base; Philadelphia 7 - Boston 6
TOP OF THE 9TH
Philadelphia Phillies batting - Pitching for Boston Red Sox : RHP Edgar Saldivar
Batting: SHB Patrick Kimmel 0-0: Called Strike
0-1: SINGLE (Groundball, 4D, EV 98.1 MPH)
Pinch Hitting: LHB Jeff Luvisi 0-0: Ball
1-0: Swinging Strike
1-1: Foul Ball, location: 2F
1-2: Foul Ball, location: 2F
1-2: Fly out, F8 (Line Drive, 8RM, EV 86.9 MPH)
Batting: RHB Ji-an Li 0-0: Called Strike
0-1: Ball
1-1: Grounds into double play, 1-4-3 (Groundball, 25, EV 62.5 MPH)
Top of the 9th over - 0 runs, 1 hit, 0 errors, 0 left on base; Philadelphia 7 - Boston 6
BOTTOM OF THE 9TH
Boston Red Sox batting - Pitching for Philadelphia Phillies : LHP Rico Saldarriaga
Pitching: LHP Randy Karnes
Now at SS: Mitch Boyd
Batting: SHB Brace Harper 0-0: Ball
1-0: Called Strike
1-1: Ball
2-1: SINGLE (Groundball, 34S, EV 75.6 MPH) (infield hit)
Batting: SHB Robbie Rogers 0-0: Sac Bunt to 15 - play at first, batter OUT! 1-4
Brace Harper to second
Pinch Hitting: RHB Won-jun Park 0-0: Ball
1-0: Foul Ball, location: 2F
1-1: Swinging Strike
1-2: Ball
2-2: Strikes out swinging
Batting: SHB Mark Rennie 0-0: Foul Ball, location: 2F
0-1: Swinging Strike
0-2: Strikes out swinging
Bottom of the 9th over - 0 runs, 1 hit, 0 errors, 1 left on base; Philadelphia 7 - Boston 6
Thursday, March 31st , 2022 - OOTP Baseball 22.12 Build 89